 Dungeon Crawl Stone Soup version 0.31-a0-217-g58bb5d79cf (webtiles) character file.

Game seed: 14148155556948132310

485 qw the Shooter (level 6, 0/53 HPs)
             Began as a Minotaur Hexslinger on July 2, 2023.
             Slain by Menkaure (21 damage)
             ... on level 4 of the Dungeon.
             The game lasted 00:01:20 (3593 turns).

qw the Shooter (Minotaur Hexslinger)                Turns: 3593, Time: 00:01:21

Health: 0/53       AC:  6    Str: 12    XL:     6   Next: 88%
Magic:  6/6        EV: 12    Int: 10    God:
Gold:   268        SH:  0    Dex: 15    Spells: 6/7 levels left

rFire   . . .        Y - +2 sling
rCold   . . .        (no shield)
rNeg    . . .        e - +3 leather armour
rPois   .            (helmet restricted)
rElec   .            (no cloak)
rCorr   .            (no gloves)
SInv    .            (no boots)
Will    .....        (no amulet)
Stlth   +            g - +4 ring of slaying {mikee}
HPRegen 0.28/turn    (no ring)
MPRegen 0.10/turn

%: no passive effects
@: no status effects
A: horns 2, retaliatory headbutt
a: no special abilities


You were on level 4 of the Dungeon.
You visited 2 branches of the dungeon, and saw 5 of its levels.

You collected 268 gold pieces.


Innate Abilities, Weirdness & Mutations

You have a pair of horns on your head.
You reflexively headbutt those who attack you in melee.


   Skills:
 - Level 4.3 Fighting
 + Level 7.2 Ranged Weapons
 - Level 2.1 Dodging
 - Level 1.0 Spellcasting
 - Level 2.0 Hexes


You had 6 spell levels left.
You knew the following spells:

 Your Spells              Type           Power      Damage    Failure   Level
a - Slow                  Hex            16%        N/A       19%         1

Your spell library contained the following spells:

 Spells                   Type           Power      Damage    Failure   Level
 Inner Flame              Hex/Fire       2%         N/A       65%         3
 Portal Projectile        Hex/Tloc       4%         N/A       65%         3
 Cause Fear               Hex            2%         N/A       88%         4

Inventory:

Hand Weapons
 Y - a +2 sling (weapon)
Armour
 e - a +3 leather armour (worn)
 h - a +0 cloak
Jewellery
 g - a +4 ring of slaying (left hand) {mikee}
Scrolls
 c - a scroll of silence {unknown}
 f - a scroll of identify
 i - a scroll of amnesia {unknown}
Potions
 a - a potion of lignification {unknown}
 b - 2 potions of curing
 d - 2 potions of enlightenment

Dungeon Overview and Level Annotations

Branches:
Dungeon (4/15)             Temple (1/1) D:4

Altars:
Ashenzari
Dithmenos
Fedhas
Gozag
Hepliaklqana
Kikubaaqudgha
Makhleb
Nemelex Xobeh
Qazlal
Ru
Wu Jian
Xom
Yredelemnul

Annotations:
D:2 1 runed translucent door, Crazy Yiuf
D:4 Menkaure


Message History

Enter note:
Enter note: You shoot a sling bullet.
The sling bullet completely misses Menkaure.
Menkaure mumbles some strange words.
Menkaure seems to speed up.
You shoot a sling bullet. The sling bullet hits Menkaure!
Menkaure is moderately damaged.
Enter note:
Enter note:
Enter note:
Enter note:
Enter note:
Enter note:
Enter note:
Enter note: You shoot a sling bullet.
The sling bullet hits Menkaure.
Menkaure is moderately damaged.
You shoot a sling bullet.
The sling bullet hits Menkaure but does no damage.
Menkaure is moderately damaged.
You shoot a sling bullet.
The sling bullet barely misses Menkaure.
Menkaure barely misses you.
You shoot a sling bullet. The sling bullet hits Menkaure.
Menkaure is heavily damaged.
Menkaure hits you! Menkaure closely misses you.
You shoot a sling bullet.
The sling bullet hits Menkaure but does no damage.
Menkaure is heavily damaged.
Menkaure calls on the powers of darkness!
Your body is wracked with pain!
You shoot a sling bullet.
The sling bullet hits Menkaure but does no damage.
Menkaure is heavily damaged.
Menkaure closely misses you. You furiously retaliate!
You headbutt Menkaure. You shoot a sling bullet.
The sling bullet completely misses Menkaure.
Menkaure hits you!!
You die...

..#
#...#.............#
.###.# ###
#..............#
#...##
..##....##...###..#
......
........##.).#/#..#
####...
.......#..##.##..#
....... ...
..#...#.#....#
#######
#.####..##)##....#
#M......#.#...#.##
#@..####%##..##.#
#.#.#...#...###.#
#.#.#...#..####.#
#...#...#...##..#
###.####.##....##
#.....#.#....#
####..##.##..##
##...#.#...#
##..##.##.#


You could see Menkaure (fast).

Vanquished Creatures
  A black bear (D:3)
  2 scorpions (D:4)
  A wight (D:4)
  Natasha (D:3)
  3 gnolls (D:2)
  7 adders
  3 worms
  2 dart slugs
  13 endoplasms
  3 giant cockroaches
  8 goblins
  11 hobgoblins
  2 jackals (D:4)
  10 kobolds
  2 quokkas
  8 ball pythons
  7 bats
  4 frilled lizards
  10 rats
98 creatures vanquished.

Notes
Turn   | Place    | Note
-------+----------+-------------------------------------------
     0 | D:1      | qw the Minotaur Hexslinger began the quest for the Orb.
     0 | D:1      | Reached XP level 1. HP: 16/16 MP: 1/1
     0 | D:1      | 0 ||| qw: Version: 0.3-a-40-ge99b1a8
     0 | D:1      | 0 ||| qw: Game counter: 35
     0 | D:1      | 0 ||| qw: Melee chars always use a shield: true
     0 | D:1      | 0 ||| qw: God list: Okawaru
     0 | D:1      | 0 ||| qw: Allow faded altars: false
     0 | D:1      | 0 ||| qw: Do Orc after clearing Dungeon:15 true
     0 | D:1      | 0 ||| qw: Do second Lair branch before Depths: true
     0 | D:1      | 0 ||| qw: Lair rune preference: random
     0 | D:1      | 0 ||| qw: Goals: Normal
     0 | D:1      | 0 ||| PLANNING D:1-11
    24 | D:1      | 24 ||| FLEEEEING.
    36 | D:1      | Reached skill level 3 in Ranged Weapons
    89 | D:1      | Reached XP level 2. HP: 23/23 MP: 2/2
   187 | D:1      | You fall into a shaft and drop 1 floor!
   188 | D:2      | 188 ||| UPGRADING to +3 leather armour.
   198 | D:2      | 198 ||| DROPPING +0 robe.
   199 | D:2      | 199 ||| DROPPING scroll of poison.
   523 | D:1      | 523 ||| READING scroll labelled ROUHAI XA XUJ.
   601 | D:2      | Reached XP level 3. HP: 29/29 MP: 3/3
   626 | D:2      | Reached skill level 4 in Ranged Weapons
   697 | D:2      | Reached XP level 4. HP: 34/36 MP: 4/4
   921 | D:2      | Reached skill level 5 in Ranged Weapons
  1524 | D:2      | Found a runed translucent door.
  1525 | D:2      | Noticed Crazy Yiuf
  1604 | D:2      | Reached skill level 3 in Fighting
  1790 | D:2      | Reached XP level 5. HP: 45/45 MP: 5/5
  1875 | D:2      | 1875 ||| UPGRADING to +4 ring of slaying {mikee}.
  1876 | D:2      | 1876 ||| READING 3 scrolls labelled SAEX PAPEG FAR.
  1877 | D:2      | 1877 ||| READING scroll labelled YRUNUWAWEY.
  1878 | D:2      | 1878 ||| READING scroll labelled WUOTOD ICLIE.
  1879 | D:2      | 1879 ||| READING scroll labelled UHIUTE LOUVIAX.
  1880 | D:2      | 1880 ||| READING scroll labelled TIERYZ QUQIK.
  1881 | D:2      | 1881 ||| DRINKING 2 bubbling green potions.
  1882 | D:2      | 1882 ||| DRINKING 3 fizzy emerald potions.
  1883 | D:2      | 1883 ||| DROPPING 2 scrolls of revelation.
  1884 | D:2      | 1884 ||| DROPPING potion of brilliance.
  1949 | D:3      | Found a broken altar of Ashenzari.
  1986 | D:3      | Found a sacrificial altar of Ru.
  2189 | D:3      | Noticed a black bear
  2196 | D:3      | Killed a black bear
  2197 | D:3      | Reached skill level 6 in Ranged Weapons
  2612 | D:3      | Noticed Natasha
  2624 | D:3      | Killed Natasha
  2625 | D:3      | Reached XP level 6. HP: 30/51 MP: 6/6
  2885 | D:3      | 2885 ||| READING scroll labelled YHEGHO YVIXO.
  2886 | D:3      | 2886 ||| DRINKING 3 fizzy black potions.
  2925 | D:4      | Found a hazy altar of Hepliaklqana.
  2958 | D:4      | Found a staircase to the Ecumenical Temple.
  2959 | D:4      | 2959 ||| PLANNING TEMPLE
  2967 | Temple   | Entered the Ecumenical Temple
  2979 | Temple   | 2979 ||| PLANNING D:1-11
  3035 | D:4      | Found a blossoming altar of Fedhas.
  3035 | D:4      | Found an ancient bone altar of Kikubaaqudgha.
  3351 | D:4      | Identified the +4 trident "Tout" {freeze, Dex+2}
  3359 | D:4      | 3359 ||| Stepping ~*~*~tactically~*~*~ (outnumbered).
  3362 | D:4      | HP: 6/50 [wight/+1 great sword (8)]
  3364 | D:4      | Reached skill level 7 in Ranged Weapons
  3583 | D:4      | Noticed Menkaure
  3593 | D:4      | Slain by Menkaure

Levels and vault maps discovered:
D:1:      dpeg_arrival_solitude, layout_loops_cross
D:2:      minmay_razor_zed, layout_loops_corners, grunt_decor_arrowhead,
          uniq_crazy_yiuf_cottage
D:3:      layout_basic, nicolae_ru_sacrificial_ziggurat,
          mainiacjoe_overflow_alcove_4, uniq_natasha
D:4:      nicolae_cairo_tiling, layout_rooms,
          grunt_temple_overflow_growth_and_decay, lemuel_round_altar,
          minmay_temple_entry_overgrown, minmay_vboxes, uniq_menkaure
Temple:   hellmonk_temple_rainy

Skill      XL: |  1  2  3  4  5  6 |
---------------+-------------------+-----
Ranged Weapons | 3 4 5 6 7 |  7.2
Fighting       | 2 3 4 |  4.3
Dodging        | |  2.1
Spellcasting   | |  1.0
Hexes          | |  2.0

Action                     |  1- 3 |  4- 6 || total
---------------------------+-------+-------++-------
   Fire: Sling             |    81 |   216 ||   297
    Use: Scroll            |     1 |     6 ||     7
         Potion            |       |     3 ||     3
 Armour: Leather armour    |     5 |    25 ||    30
  Dodge: Dodged            |    16 |    53 ||    69

Table legend:
 A = Non-vault XP
 B = Vault XP
 C = Vault XP percentage of total XP
 D = Non-vault monster count
 E = Vault monster count
 F = Vault count percentage of total count
                 A         B        C        D         E       F
            +---------+---------+-------+---------+---------+-------
      Total |     505 |     188 |  27.1 |      77 |      21 |  21.4
            +---------+---------+-------+---------+---------+-------
        D:1 |      34 |       0 |   0.0 |      19 |       0 |   0.0
        D:2 |     115 |      55 |  32.4 |      29 |      12 |  29.3
        D:3 |     162 |      36 |  18.2 |      16 |       1 |   5.9
        D:4 |     194 |      97 |  33.3 |      13 |       8 |  38.1
            +---------+---------+-------+---------+---------+-------
